Map: Blueshift LE

Players

Kozzy - Winner!

  • Race: Protoss Protoss
  • League: Platinum
  • Spawn Location: 1:00

A.I. 1 (Elite)

  • Race: Zerg Zerg
  • Spawn Location: 7:00

VOD

Have the link to the VOD?

Description

Time

  • Played on: Sept. 3, 2018, 2:03 a.m.
  • Length: 6:56
Show
View Real Time Build Order
Export as new Build Order

Kozzy Protoss - Winner!

Build Orders:  

Get SALT Encoding   

  12  0:00  Probe  
  13  0:16  Pylon  
  13  0:18  Probe  
  14  0:28  Probe  
  15  0:38  Probe  
  15  0:42  Gateway  
  16  0:50  Probe  
  16  0:52  Assimilator  
  17  1:02  Probe  
  18  1:14  Probe  
  19  1:26  Forge  
  19  1:30  Zealot  
  21  1:33  Cybernetics Core  
  21  1:39  Pylon  
  21  1:42  Probe  
  22  2:09  Warp Gate  
  22  2:22  Gateway, Robotics Facility  
  22  2:30  Gateway  
  22  2:53  Pylon  
  22  2:57  Stalker  
  23  3:02  Immortal  
  23  3:09  Photon Cannon  
  23  3:11  Pylon  
  27  3:22  Gateway  
  27  3:25  Protoss Ground Weapons Level 1  
  27  3:41  Warp Prism  
  29  4:12  Immortal  
  29  4:16  Zealot x3  
  35  4:17  Zealot  
  41  4:41  Stalker  
  41  4:42  Zealot  
  41  4:43  Zealot  
  47  4:51  Pylon  
  47  5:19  Pylon  
  47  5:23  Zealot x3  
  47  5:24  Zealot  
  55  5:43  Zealot  
  55  5:44  Zealot x2  
  55  6:07  Stalker x2  
  55  6:08  Stalker  
  53  6:39  Shield Battery  
  49  6:45  Stalker x3  
  55  6:47  Zealot  
Show
View Real Time Build Order
Export as new Build Order

A.I. 1 (Elite) Zerg 

Build Orders: Pool First 

Get SALT Encoding   

  12  0:00  Drone  
  13  0:12  Overlord  
  13  0:16  Drone  
  14  0:30  Drone x2  
  16  0:43  Spawning Pool  
  16  0:45  Drone  
  16  0:49  Drone  
  17  1:12  Hatchery  
  17  1:13  Drone  
  17  1:15  Extractor  
  17  1:17  Drone  
  17  1:22  Drone  
  18  1:28  Drone  
  19  1:38  Overlord  
  19  1:48  Queen  
  19  1:49  Drone  
  22  2:00  Zergling x2  
  23  2:10  Drone, Extractor  
  23  2:21  Drone  
  24  2:23  Queen  
  24  2:24  Drone  
  27  2:32  Drone  
  27  2:34  Drone  
  29  2:40  Roach Warren  
  29  2:43  Drone  
  29  2:47  Drone  
  30  2:54  Zergling x4  
  32  3:00  Overlord  
  32  3:04  Drone  
  33  3:06  Drone  
  34  3:22  Roach x2  
  34  3:23  Roach  
  34  3:26  Roach  
  42  3:31  Lair  
  42  3:36  Overlord  
  42  3:41  Overlord  
  42  3:44  Zergling x2  
  42  3:47  Zergling x2  
  44  3:54  Zergling x2, Drone  
  44  3:55  Drone  
  47  3:57  Drone  
  47  4:00  Drone  
  47  4:02  Drone  
  50  4:06  Roach  
  52  4:10  Roach  
  52  4:14  Overlord  
  54  4:22  Drone  
  55  4:25  Drone  
  55  4:26  Drone  
  55  4:28  Drone  
  58  4:32  Infestation Pit, Drone  
  58  4:33  Overlord  
  58  4:38  Overlord  
  58  4:42  Roach  
  58  4:45  Roach  
  62  5:03  Hydralisk Den  
  62  5:05  Drone  
  63  5:07  Drone  
  63  5:09  Drone, Infestor  
  63  5:10  Infestor x2  
  63  5:11  Drone, Extractor  
  63  5:13  Drone  
  71  5:15  Drone  
  71  5:17  Drone  
  71  5:21  Overlord  
  73  5:23  Drone  
  73  5:26  Drone  
  75  5:30  Drone  
  75  5:33  Drone  
  75  5:34  Drone x2  
  79  5:36  Hydralisk  
  79  5:37  Hydralisk, Drone  
  79  5:41  Overlord  
  82  5:44  Hydralisk  
  82  5:48  Hydralisk  
  70  5:53  Zergling x2  
  65  5:59  Zergling x2  
  65  6:04  Roach  
  65  6:05  Zergling x2, Drone x2  
  65  6:08  Hydralisk  
  65  6:09  Drone  
  65  6:10  Roach  
  69  6:13  Roach  
  62  6:29  Zergling x2  
  62  6:32  Zergling x2  
Tags
 
League
Platinum
Matchup
PvZ
Opening
Pool First
Spawn Locations
Cross Positions
Add a new tag
Caveats
  • Supply blocks, unpowered buildings, or Contaminate may cause inaccurate times.
  • Supply counts are checked every 10 seconds.